 Dungeon Crawl Stone Soup version 0.28-a0-906-g0406aca7d3 (webtiles) character file.

Game seed: 4355356422973967203

23 siradein the Shooter (level 2, 0/23 HPs)
             Began as a Demonspawn Hunter on Nov 24, 2021.
             Slain by an iguana (13 damage)
             ... on level 2 of the Dungeon.
             The game lasted 00:02:27 (1799 turns).

siradein the Shooter (Demonspawn Hunter)            Turns: 1799, Time: 00:02:27

Health: 0/23       AC:  3    Str: 12    XL:     2   Next: 72%
Magic:  2/2        EV: 12    Int: 12    God:
Gold:   51         SH:  4    Dex: 13    Spells: 1/1 levels left

rFire   . . .      SeeInvis .   j - +1 short sword (freeze)
rCold   . . .      Faith    .   (no shield)
rNeg    . . .      Spirit   .   c - +0 leather armour
rPois   .          Reflect  .   (no helmet)
rElec   .          Harm     .   (no cloak)
rCorr   .          Rampage  .   (no gloves)
Will    .....                   (no boots)
Stlth   +.........              (no amulet)
HPRegen 0.07/turn               (no ring)
MPRegen 0.08/turn               (no ring)

@: no status effects
A: large bone plates 1
a: no special abilities


You were on level 2 of the Dungeon.
You visited 1 branch of the dungeon, and saw 2 of its levels.

You collected 51 gold pieces.

Inventory:

Hand Weapons
 a - a +1 shortbow
 j - a +1 short sword of freezing (weapon)
Missiles
 d - 61 arrows
Armour
 c - a +0 leather armour (worn)
Jewellery
 f - a ring of ice
Scrolls
 e - 3 scrolls of identify {unknown}
 g - a scroll of enchant armour {unknown}
Potions
 b - a potion of flight {unknown}
 h - a potion of invisibility {unknown}
 i - 2 potions of brilliance {unknown}
 k - a potion of heal wounds {unknown}


   Skills:
 + Level 2.3 Fighting
 + Level 3.8 Bows
 + Level 0.2 Armour
 + Level 2.1 Dodging
 + Level 1.4 Stealth


You had one spell level left.
You didn't know any spells.
Your spell library was empty.

Dungeon Overview and Level Annotations

Branches:
Dungeon (2/15)

Altars:

Shops:
D:2 (


Innate Abilities, Weirdness & Mutations

You are partially covered in large bone plates. (SH +4)


Message History

You barely miss the worm.
The worm is lightly wounded.
You hit the worm. You freeze the worm.
The worm is heavily wounded.
The worm bites you.
You hit the worm. You freeze the worm.
The worm is severely wounded.
The worm bites you!
You are too injured to fight recklessly!
You are too injured to fight recklessly!
You are too injured to fight recklessly!
You are too injured to fight recklessly!
You are too injured to fight recklessly!
You are too injured to fight recklessly!
You barely miss the worm.
The worm is severely wounded.
You hit the worm. You freeze the worm.
The worm is almost dead.
The worm bites you.
You hit the worm. You freeze the worm.
You kill the worm!
Key pressed, stopping explore.
HP restored.
An iguana comes into view.
The iguana hisses angrily.
An iguana is nearby!
An iguana is nearby!
An iguana is nearby!
An iguana is nearby!
An iguana is nearby!
Found a ring mail.
You hit the iguana but do no damage. The iguana barely misses you.
You barely miss the iguana. The iguana barely misses you.
You hit the iguana but do no damage. The iguana barely misses you.
You barely miss the iguana.
The iguana bites you but does no damage.
You closely miss the iguana. The iguana bites you!
You barely miss the iguana. The iguana bites you!
Ouch! That really hurt!
You die...

........## ###.....#
#
###...#.#######.#..#
#
#................###
#..[#.#######.......
#.....# ####.###
.#.#####..### #.#
..........# ...
..........# ....#
##.######@# ...>.#
#..l..# #......
#.....# #.....#
........ ##.....###
#.....# .#....[
#.#.####


You could see an iguana.

Vanquished Creatures
  A worm (D:2)
  A dart slug (D:1)
  2 bats (D:1)
  An endoplasm (D:1)
  3 giant cockroaches
  3 goblins (D:1)
  A quokka (D:1)
  2 ball pythons (D:1)
  A kobold (D:1)
15 creatures vanquished.

Notes
Turn   | Place    | Note
-------+----------+-------------------------------------------
     0 | D:1      | siradein the Demonspawn Hunter began the quest for the Orb.
     0 | D:1      | Reached XP level 1. HP: 16/16 MP: 1/1
   134 | D:1      | Reached skill level 1 in Stealth
   599 | D:1      | Gained mutation: You are partially covered in large bone
                  | plates. (SH +4) [demonic ancestry]
   599 | D:1      | Reached XP level 2. HP: 20/22 MP: 2/2
   772 | D:1      | Found a faded altar of an unknown god.
  1290 | D:2      | Found Nianopsi's Antique Weapon Boutique.
  1799 | D:2      | Slain by an iguana

Illustrated notes

Levels and vault maps discovered:
D:1:      shiori_shiawase, layout_basic, ebering_ecumenical_altar_sacrificial,
          minmay_quantized
D:2:      layout_loops_ring, serial_shops, shop, uniq_terence

Skill      XL: |  1 |
---------------+----+-----
Stealth        | 1 |  1.4
Dodging        | 2 |  2.1
Fighting       | |  2.3
Bows           | |  3.8
Armour         | |  0.2

Action                   || total
-------------------------++-------
Melee: Short sword       ||    73
Armor: Leather armour    ||    14
Dodge: Dodged            ||    31
Block: Other             ||     9

Table legend: (Time is in decaauts)
 A = Elapsed time spent in this place.
 B = Non-inter-level travel time spent in this place.
 C = Inter-level travel time spent in this place.
 D = Time resting spent in this place.
 E = Time spent auto-exploring this place.
 F = Levels seen in this place.
 G = Mean time per level.
                   A        B        C        D        E       F      G
               +--------+--------+--------+--------+--------+-----+--------+
         Total |   1804 |   1782 |     22 |    195 |   1365 |   2 |  902.0 |
       Dungeon |   1804 |   1782 |     22 |    195 |   1365 |   2 |  902.0 |
               +--------+--------+--------+--------+--------+-----+--------+

Top non-repeatable levels by time:
     D:1: 1485 daAuts
     D:2: 319 daAuts
